Map: [ESL] Waterfall

Players

herO

  • Race: Protoss Protoss
  • Spawn Location: 1:00

Scarlett - Winner!

  • Race: Zerg Zerg
  • Spawn Location: 7:00

Event: DreamHack SC2 Masters 2022 Valencia

VOD

Have the link to the VOD?

Description

Time

  • Played on: July 1, 2022, 3:15 p.m.
  • Length: 10:42

All games in this series

Show
View Real Time Build Order
Export as new Build Order

herO Protoss 

Build Orders: 1 Gate Expand, Oracle Opening 

Get SALT Encoding   

  12  0:00  Probe  
  13  0:12  Probe  
  14  0:17  Pylon  
  14  0:24  Probe (Chrono Boost)  
  16  0:36  Probe (Chrono Boost)  
  16  0:42  Gateway  
  16  0:43  Probe (Chrono Boost)  
  16  0:49  Assimilator  
  17  0:51  Probe  
  18  1:03  Probe  
  19  1:15  Probe  
  20  1:25  Nexus  
  20  1:36  Cybernetics Core  
  20  1:39  Probe  
  21  1:46  Assimilator  
  21  1:51  Probe  
  22  1:54  Pylon  
  22  2:03  Probe (Chrono Boost)  
  23  2:12  Adept  
  23  2:15  Probe (Chrono Boost)  
  26  2:17  Stargate  
  26  2:23  Probe (Chrono Boost)  
  26  2:25  Warp Gate  
  27  2:30  Probe (Chrono Boost)  
  28  2:39  Probe (Chrono Boost)  
  28  2:43  Adept  
  32  2:47  Probe (Chrono Boost)  
  32  2:49  Probe (Chrono Boost)  
  33  2:54  Probe x2 (Chrono Boost)  
  35  2:59  Oracle (Chrono Boost)  
  38  3:06  Probe x2  
  38  3:11  Pylon  
  40  3:18  Gateway  
  40  3:21  Probe x2  
  40  3:26  Oracle (Chrono Boost)  
  45  3:34  Probe  
  45  3:35  Probe  
  45  3:47  Nexus  
  46  3:48  Probe x2  
  46  3:54  Assimilator  
  47  3:56  Assimilator  
  47  3:57  Oracle (Chrono Boost)  
  50  4:03  Probe x2  
  50  4:07  Pylon  
  52  4:14  Twilight Council  
  52  4:16  Forge  
  52  4:19  Probe  
  52  4:23  Probe  
  54  4:26  Protoss Ground Weapons Level 1, Adept x2  
  58  4:33  Pylon, Probe  
  58  4:35  Probe  
  60  4:45  Probe  
  60  4:47  Probe  
  60  4:50  Blink (Chrono Boost)  
  62  5:05  Probe x2  
  62  5:06  Stalker, Probe  
  62  5:07  Stalker  
  62  5:13  Pylon, Gateway x2  
  62  5:17  Probe  
  62  5:18  Probe x2  
  60  5:29  Probe  
  60  5:30  Probe x2  
  60  5:33  Stalker x2  
  67  5:37  Gateway  
  67  5:40  Gateway  
  67  5:48  Probe x3  
  67  5:49  Photon Cannon  
  70  5:56  Forge  
  70  5:59  Stalker x2  
  70  6:02  Probe x3  
  77  6:07  Stalker  
  77  6:09  Stalker  
  81  6:11  Shield Battery  
  81  6:15  Probe  
  81  6:16  Probe x2  
  84  6:19  Pylon  
  84  6:31  Gateway  
  84  6:32  Gateway  
  84  6:34  Probe  
  84  6:35  Probe x2  
  84  6:36  Stalker, Protoss Ground Weapons Level 2 (Chrono Boost)  
  84  6:37  Stalker  
  89  6:44  Charge  
  89  6:52  Pylon  
  83  7:02  Stalker  
  83  7:03  Stalker x5  
  93  7:12  Protoss Ground Armor Level 1 (Chrono Boost)  
  89  7:24  Nexus  
  89  7:25  Oracle (Chrono Boost)  
  89  7:26  Pylon, Probe x3  
  95  7:35  Photon Cannon  
  95  7:36  Shield Battery  
  95  7:39  Stalker x4  
  95  7:43  Probe  
  95  7:44  Probe x2  
  106  7:49  Stalker x3  
  112  7:58  Oracle  
  115  8:09  Probe x2  
  115  8:12  Gateway  
  117  8:14  Pylon, Gateway  
  117  8:18  Pylon  
  117  8:20  Pylon  
  117  8:23  Pylon, Probe  
  116  8:28  Probe  
  116  8:32  Probe, Zealot x3  
  124  8:35  Probe, Zealot x5  
  124  8:40  Gateway x2  
  135  8:44  Photon Cannon  
  135  8:45  Photon Cannon  
  131  8:59  Oracle  
  131  9:02  Zealot x2  
  121  9:03  Stalker x4  
  87  9:19  Probe x2  
  87  9:20  Probe  
  90  9:27  Probe (Chrono Boost)  
  91  9:31  Templar Archives  
  91  9:32  Probe (Chrono Boost)  
  91  9:35  Probe x2 (Chrono Boost)  
  81  9:40  Probe (Chrono Boost)  
  81  9:43  Probe (Chrono Boost)  
  81  9:44  Stalker x3  
  90  9:50  Probe (Chrono Boost)  
  90  9:51  Probe x3 (Chrono Boost)  
  80  10:11  Stalker x5  
  70  10:22  Stalker x2  
Show
View Real Time Build Order
Export as new Build Order

Scarlett Zerg - Winner!

Build Orders: Hatch First 

Get SALT Encoding   

  12  0:00  Drone  
  13  0:10  Drone  
  14  0:17  Overlord  
  14  0:35  Drone  
  15  0:43  Hatchery  
  15  0:47  Drone  
  15  0:51  Drone  
  15  0:55  Drone  
  17  0:59  Drone  
  18  1:08  Extractor  
  17  1:16  Spawning Pool  
  16  1:19  Drone  
  16  1:22  Drone  
  18  1:30  Drone  
  19  1:41  Drone  
  20  1:52  Drone  
  21  2:03  Queen x2  
  21  2:04  Zergling x2  
  21  2:07  Overlord  
  26  2:13  Drone  
  27  2:16  Metabolic Boost  
  27  2:19  Drone  
  28  2:26  Drone  
  28  2:27  Drone x2  
  31  2:40  Zergling x2  
  32  2:44  Hatchery  
  32  2:50  Queen  
  33  2:54  Overlord  
  33  3:00  Drone x2  
  33  3:01  Drone  
  36  3:12  Overlord, Queen  
  38  3:14  Drone  
  38  3:16  Drone  
  38  3:19  Drone  
  41  3:25  Drone x3  
  44  3:29  Spore Crawler  
  44  3:31  Spore Crawler  
  41  3:36  Queen  
  41  3:37  Drone x2  
  46  3:43  Drone x3  
  49  3:54  Drone x4  
  51  3:59  Drone x3  
  51  4:02  Evolution Chamber  
  52  4:03  Queen  
  52  4:08  Overlord  
  52  4:09  Drone  
  55  4:19  Queen  
  55  4:22  Overlord  
  55  4:23  Overlord  
  57  4:32  Drone  
  57  4:33  Drone, Zergling x6  
  57  4:36  Zerg Melee Weapons Level 1  
  57  4:37  Queen  
  57  4:38  Overlord  
  64  4:39  Zergling x2  
  64  4:43  Drone  
  64  4:44  Drone x2  
  68  4:45  Drone  
  68  4:48  Zergling x6  
  72  4:54  Drone x4  
  72  4:59  Drone x3  
  76  5:05  Drone  
  74  5:11  Hatchery  
  73  5:16  Drone x3  
  76  5:23  Drone x6  
  76  5:25  Drone  
  79  5:29  Extractor  
  79  5:30  Extractor, Lair  
  77  5:37  Overlord  
  77  5:38  Overlord  
  77  5:41  Drone x3  
  80  5:47  Drone x5  
  80  5:48  Overlord  
  81  5:55  Extractor  
  81  5:56  Extractor  
  79  5:57  Roach Warren  
  79  6:00  Spore Crawler, Drone  
  78  6:04  Drone x6  
  78  6:10  Zergling x4  
  86  6:11  Baneling Nest  
  86  6:14  Zergling x10  
  90  6:21  Overlord x2  
  90  6:27  Zergling x6  
  90  6:30  Zergling x6  
  96  6:33  Zerg Melee Weapons Level 2  
  96  6:39  Zergling x12  
  100  6:44  Overlord x3  
  100  6:46  Glial Reconstitution  
  97  6:56  Drone x6  
  96  7:03  Drone x6  
  96  7:06  Centrifugal Hooks  
  96  7:08  Drone x4  
  102  7:10  Drone x3  
  102  7:14  Spore Crawler  
  104  7:18  Zergling x8  
  107  7:23  Spore Crawler  
  107  7:26  Roach x5  
  116  7:31  Zergling x4  
  118  7:41  Roach x5, Extractor  
  118  7:42  Hatchery  
  126  7:47  Roach x5  
  135  7:51  Zergling x2  
  135  7:52  Zergling x4  
  135  7:56  Zergling x8  
  142  8:00  Zergling x2  
  142  8:01  Zergling x2  
  142  8:05  Zergling x4  
  143  8:08  Baneling  
  143  8:09  Baneling x11  
  143  8:11  Overlord x8  
  143  8:25  Zergling x10  
  143  8:30  Zergling x12  
  143  8:34  Baneling x11  
  147  8:36  Zergling x16  
  147  8:41  Queen, Zergling x8  
  159  8:45  Zergling x2  
  159  8:48  Zergling x2  
  159  8:51  Zergling x4  
  159  9:02  Zergling x10  
  158  9:03  Zergling x2  
  128  9:17  Roach  
  128  9:18  Roach x3, Zergling x10  
  128  9:19  Queen x3  
  128  9:21  Zergling x8  
  128  9:24  Zergling x2  
  146  9:28  Baneling x12  
  146  9:29  Ravager x10  
  146  9:30  Zergling x6  
  159  9:32  Hatchery  
  159  9:36  Zergling x12  
  163  9:39  Baneling x6  
  163  9:40  Zergling x2  
  163  9:42  Ravager x4  
  168  9:48  Zergling x8  
  168  9:49  Baneling x3  
  168  9:50  Baneling x3  
  171  9:54  Zergling x10  
  172  10:05  Zergling x14  
  172  10:13  Zergling x8  
  166  10:22  Zergling x14  

Tags
 
Add a new tag
Caveats
  • Supply blocks, unpowered buildings, or Contaminate may cause inaccurate times.
  • Supply counts are checked every 10 seconds.